 Dungeon Crawl Stone Soup version 0.19.5 (webtiles) character file.

11649 Peloso the Carver (level 11, -2/97 HPs)
             Began as a Minotaur Fighter on Mar 8, 2017.
             Was an Elder of Okawaru.
             Slain by a skeletal warrior
             ... wielding a +1 trident of piercing
             ... led by a skeletal warrior
              (14 damage)
             ... on level 10 of the Dungeon.
             The game lasted 00:33:20 (11818 turns).

Peloso the Carver (Minotaur Fighter)               Turns: 11818, Time: 00:33:20

Health: -2/97      AC: 21    Str: 22    XL:     11   Next: 52%
Magic:  0/10       EV:  8    Int:  5    God:    Okawaru [****..]
Gold:   680        SH: 14    Dex: 12    Spells: 0 memorised, 10 levels left

rFire  . . .     SeeInvis +     k - +3 falchion (slice)
rCold  . . .     Gourm    .     B - +0 plate armour
rNeg   . . .     Faith    .     c - +1 shield
rPois  .         Spirit   +     (helmet restricted)
rElec  .         Reflect  .     F - +0 cloak (curse)
rCorr  .         Harm     .     (no gloves)
MR     .....                    U - +1 pair of boots
Stlth  ..........               i - amulet of guardian spirit
                                b - ring of see invisible
                                h - +3 ring of protection

@: about to teleport
A: retaliatory headbutt, horns 2
a: Heroism, Renounce Religion


You were on level 10 of the Dungeon.
You worshipped Okawaru.
Okawaru was greatly pleased with you.
You were very hungry.

You visited 1 branch of the dungeon, and saw 11 of its levels.
You also visited: Ossuary.

You collected 680 gold pieces.

Inventory:

Hand Weapons
 a - a +0 long sword
 k - a +3 falchion of slicing (weapon)
 D - a +1 dagger of flaming
Armour
 c - a +1 shield (worn)
 B - a +0 plate armour (worn)
 F - a cursed +0 cloak (worn)
 U - a +1 pair of boots (worn)
Jewellery
 b - a ring of see invisible (right hand)
 h - a +3 ring of protection (left hand)
 i - an amulet of guardian spirit (around neck)
 s - an uncursed ring of fire
 E - an uncursed ring of poison resistance
Wands
 x - a wand of slowing (24/48)
 I - a wand of lightning (9/15)
 J - a wand of flame (20/48)
 M - a wand of disintegration (4/24)
 Q - a wand of confusion (28/48)
Scrolls
 e - 2 scrolls of magic mapping
 t - a scroll of fog
 K - 2 scrolls of enchant armour
 L - 2 scrolls of amnesia
 N - 3 scrolls of remove curse
 O - a scroll of fear
Potions
 d - a potion of might
 l - 6 potions of agility
 m - 2 potions of flight
 q - 3 potions of resistance
 r - 2 potions of brilliance
 w - 3 potions of mutation {unknown}
 z - 4 potions of curing {unknown}
 A - 2 potions of invisibility {unknown}
 C - a potion of degeneration {unknown}
 S - a potion of ambrosia {unknown}
Books
 o - a Young Poisoner's Handbook

   Spells                             Type                      Level
   a - Sting                          Conjuration/Poison           1
   b - Mephitic Cloud                 Conjuration/Poison/Air       3
   c - Olgreb's Toxic Radiance        Poison                       4
   d - Alistair's Intoxication        Transmutation/Poison         5
   e - Venom Bolt                     Conjuration/Poison           5
 p - a book of Beasts

   Spells                             Type                      Level
   a - Summon Butterflies             Summoning                    1
   b - Call Canine Familiar           Summoning                    3
   c - Summon Ice Beast               Ice/Summoning                4
   d - Summon Mana Viper              Hexes/Summoning              5
   e - Summon Hydra                   Summoning                    7
 R - a book of Debilitation

   Spells                             Type                      Level
   a - Corona                         Hexes                        1
   b - Slow                           Hexes                        2
   c - Gell's Gravitas                Hexes/Translocation          3
   d - Inner Flame                    Hexes/Fire                   3
   e - Cause Fear                     Hexes                        4
   f - Leda's Liquefaction            Hexes/Earth                  4
Comestibles
 f - 8 bread rations
 g - 5 meat rations
 j - 3 slices of pizza
 v - a royal jelly


   Skills:
 + Level 9.3 Fighting
 + Level 12.6 Long Blades
 + Level 10.1 Armour
 + Level 3.5 Dodging
 + Level 2.2 Stealth
 + Level 11.8 Shields
 + Level 1.0 Invocations
 + Level 1.0 Evocations


You had 10 spell levels left.
You didn't know any spells.

Dungeon Overview and Level Annotations

Branches:
Dungeon (11/15)            Temple (0/1) D:7            Lair (0/6) D:9
    Orc: D:9-12

Altars:
Ashenzari
Fedhas
Hepliaklqana
Okawaru
Ru
The Shining One

Shops:
D:7 *

Portals:
Trove: D:10 (give +3 fire dragon scales)

Annotations:
D:9 exclusion: oklob plant
D:11 Harold


Innate Abilities, Weirdness & Mutations

You reflexively headbutt those who attack you in melee.
You have a pair of horns on your head.


Message History

* * * LOW HITPOINT WARNING * * *
You block the skeletal warrior's attack.
Unknown command.
You hit the skeletal warrior but do no damage.
Your headbutt misses the skeletal warrior.
The skeletal warrior is lightly damaged.
The skeletal warrior hits you with a flail.
* * * LOW HITPOINT WARNING * * *
Unknown command.
You hit the skeletal warrior but do no damage.
Your headbutt misses the skeletal warrior.
The skeletal warrior is lightly damaged.
The skeletal warrior hits you but does no damage.
Unknown command.
Okay, then.
You hit the skeletal warrior but do no damage.
Your headbutt misses the skeletal warrior.
The skeletal warrior is lightly damaged.
The skeletal warrior hits you with a trident of piercing!
You die...

################## ###
...............z@# #..
################z# #.. #)# #..
#.##############..
################.................
............zz...................
..............z.................#
.............(#################.#
..............# #.#


You could see 2 skeletal warriors.

Vanquished Creatures
  A centaur warrior (D:8)
  A skeletal warrior (D:10)
  2 unseen horrors (D:11)
  A hill giant (D:11)
  2 ugly things (D:11)
  A cyclops (D:8)
  The ghost of smzp the Twirler, a novice CeGl of the Shining One (D:6)
  A gargoyle (D:11)
  2 guardian mummies (D:10)
  Prince Ribbit (D:5)
  4 hippogriffs
  Grinder (D:3)
  A wyvern (D:11)
  A spriggan (D:9)
  Sigmund (D:3)
  Menkaure (D:5)
  2 orc warriors
  5 ice beasts
  4 ogres
  2 sky beasts
  A necrophage (D:9)
  9 centaurs
  An eye of draining (D:11)
  2 crocodiles
  An elf zombie (Ossuary)
  7 bullfrogs
  A wyvern skeleton (D:9)
  A scorpion (D:8)
  A troll zombie (Ossuary)
  14 killer bees
  3 wights (D:11)
  3 howler monkeys (D:8)
  A crimson imp (D:8)
  4 bullfrog zombies
  2 hounds (D:10)
  A quasit (D:7)
  A centaur zombie (Ossuary)
  A jelly (D:11)
  2 orc priests
  2 bullfrog skeletons
  2 iguanas
  9 orc wizards
  8 worker ants
  A big kobold zombie (Ossuary)
  3 ogre zombies (Ossuary)
  A hound skeleton (D:6)
  8 mummies
  Robin (D:2)
  12 adders
  A shadow imp (D:5)
  9 adder zombies
  An adder skeleton (D:4)
  A worm (D:2)
  3 dart slugs
  8 leopard geckos
  22 orcs
  3 giant cockroaches (D:1)
  A gnoll zombie (Ossuary)
  28 goblins
  14 hobgoblins
  11 jackals
  8 quokkas
  3 ball pythons
  7 bats
  6 frilled lizards
  7 goblin zombies (Ossuary)
  4 hobgoblin zombies (Ossuary)
  8 kobolds
  3 kobold zombies (Ossuary)
  A leopard gecko skeleton (D:6)
  2 quokka zombies (Ossuary)
  6 rats
  A rat zombie (Ossuary)
296 creatures vanquished.

Vanquished Creatures (others)
  An orc (D:11)
1 creature vanquished.

Grand Total: 297 creatures vanquished

Notes
Turn   | Place    | Note
-------+----------+-------------------------------------------
     0 | D:1      | Peloso the Minotaur Fighter began the quest for the Orb.
     0 | D:1      | Reached XP level 1. HP: 19/19 MP: 0/0
    87 | D:1      | Reached XP level 2. HP: 26/27 MP: 1/1
   409 | D:1      | Reached XP level 3. HP: 15/33 MP: 2/2
   881 | D:2      | Found a hazy altar of Hepliaklqana.
   992 | D:2      | Noticed Robin
  1017 | D:2      | Killed Robin
  1017 | D:2      | Reached skill level 3 in Long Blades
  1026 | D:2      | Reached XP level 4. HP: 21/40 MP: 3/3
  1927 | D:3      | Reached skill level 5 in Armour
  1927 | D:3      | Reached XP level 5. HP: 7/46 MP: 1/4
  2266 | D:3      | Reached skill level 4 in Long Blades
  2487 | D:3      | Noticed Sigmund
  2497 | D:3      | Killed Sigmund
  2497 | D:3      | Reached skill level 1 in Dodging
  2497 | D:3      | Reached skill level 5 in Shields
  2497 | D:3      | Reached XP level 6. HP: 51/53 MP: 5/5
  2509 | D:3      | Noticed Grinder
  2514 | D:3      | Killed Grinder
  2514 | D:3      | Reached skill level 5 in Long Blades
  2514 | D:3      | Reached XP level 7. HP: 60/60 MP: 6/6
  3953 | D:5      | Entered Level 5 of the Dungeon
  3982 | D:5      | Reached skill level 6 in Long Blades
  4003 | D:5      | Noticed Prince Ribbit
  4007 | D:5      | Noticed Menkaure
  4154 | D:5      | Killed Prince Ribbit
  4154 | D:5      | Reached skill level 5 in Fighting
  4154 | D:5      | Reached skill level 1 in Stealth
  4396 | D:5      | Killed Menkaure
  4396 | D:5      | Reached XP level 8. HP: 23/68 MP: 1/7
  4594 | D:5      | Reached skill level 7 in Long Blades
  4886 | D:6      | Noticed smzp's ghost (novice CeGl)
  4918 | D:6      | Killed smzp's ghost
  4918 | D:6      | Reached skill level 8 in Long Blades
  5532 | D:6      | Found a sacrificial altar of Ru.
  5604 | D:6      | Reached XP level 9. HP: 73/77 MP: 8/8
  6133 | D:7      | Found Tuneluce's Assorted Antiques.
  6154 | D:7      | Reached skill level 9 in Long Blades
  6352 | D:7      | Found an iron altar of Okawaru.
  6355 | D:7      | Found a glowing golden altar of the Shining One.
  6360 | D:7      | Became a worshipper of Warmaster Okawaru
  6767 | D:7      | Found a staircase to the Ecumenical Temple.
  7092 | D:8      | Found a shattered altar of Ashenzari.
  7201 | D:8      | Noticed a cyclops
  7251 | D:8      | Found a sand-covered staircase.
  7258 | D:8      | Noticed a centaur warrior
  7259 | D:8      | Reached skill level 10 in Long Blades
  7264 | Ossuary  | Entered an ossuary
  7304 | Ossuary  | Reached * piety under Okawaru
  7825 | D:8      | Reached XP level 10. HP: 83/88 MP: 7/9
  7841 | D:8      | Killed a centaur warrior
  7855 | D:8      | Reached ** piety under Okawaru
  7990 | D:8      | Killed a cyclops
  7990 | D:8      | Reached skill level 11 in Long Blades
  8829 | D:8      | Reached skill level 10 in Shields
  9209 | D:9      | Found a staircase to the Lair.
  9285 | D:9      | Reached *** piety under Okawaru
  9300 | D:9      | Found a blossoming altar of Fedhas.
  9321 | D:9      | Noticed an oklob plant
  9797 | D:10     | Entered Level 10 of the Dungeon
  9808 | D:10     | Reached skill level 1 in Evocations
 10165 | D:10     | Found an iron altar of Okawaru.
 10500 | D:10     | Found a portal to a secret trove of treasure.
 10686 | D:11     | Reached XP level 11. HP: 95/95 MP: 2/10
 10696 | D:11     | Reached skill level 12 in Long Blades
 10750 | D:11     | Noticed a cyan ugly thing
 10771 | D:11     | Killed a cyan ugly thing
 10913 | D:11     | Noticed an unseen horror
 10938 | D:11     | Killed an unseen horror
 10938 | D:11     | Reached **** piety under Okawaru
 10948 | D:11     | Noticed a red ugly thing
 10965 | D:11     | Killed a red ugly thing
 11166 | D:11     | Noticed a hill giant
 11178 | D:11     | Killed a hill giant
 11363 | D:11     | Noticed an unseen horror
 11374 | D:11     | Noticed Harold
 11386 | D:11     | Killed an unseen horror
 11386 | D:11     | Reached skill level 10 in Armour
 11400 | D:11     | Reached skill level 1 in Invocations
 11421 | D:11     | Noticed a skeletal warrior
 11429 | D:11     | Noticed a skeletal warrior
 11430 | D:11     | Noticed a skeletal warrior
 11810 | D:10     | Killed a skeletal warrior
 11818 | D:10     | Slain by a skeletal warrior

Skill      XL: |  1  2  3  4  5  6  7  8  9 10 11 |
---------------+----------------------------------+-----
Armour         | 4 5 6 7 8 9 10 | 10.1
Shields        | 4 5 6 7 9 10 11 | 11.8
Fighting       | 4 5 6 7 8 9 |  9.3
Long Blades    | 3 4 5 6 8 10 11 12 | 12.6
Dodging        | 1 2 3 |  3.5
Stealth        | 1 2 |  2.2
Evocations     | 1 |  1.0
Invocations    | 1 |  1.0

Action                   |  1- 3 |  4- 6 |  7- 9 | 10-12 || total
-------------------------+-------+-------+-------+-------++-------
Melee: Long sword        |   120 |   119 |   496 |   228 ||   963
       Headbutt          |    23 |    23 |   114 |    90 ||   250
       Falchion          |       |       |       |   199 ||   199
Invok: Heroism           |       |       |       |     6 ||     6
Evoke: Wand              |       |       |       |    16 ||    16
  Use: Scroll            |       |     1 |     6 |    13 ||    20
       Potion            |       |     1 |       |     3 ||     4
 Stab: Paralysed         |       |       |     1 |       ||     1
  Eat: Chunk             |       |     6 |    15 |     8 ||    29
       Beef jerky        |       |       |     1 |     3 ||     4
Armor: Scale mail        |    64 |    49 |       |       ||   113
       Chain mail        |       |     6 |    46 |       ||    52
       Plate armour      |       |       |   179 |   178 ||   357
Dodge: Dodged            |    41 |    27 |   104 |   111 ||   283
Block: Shield            |    60 |    55 |   295 |   307 ||   717
       Rpst.: Long sword |     8 |     6 |    31 |    20 ||    65
       Falchion          |       |       |       |    10 ||    10
